 Dungeon Crawl Stone Soup version 0.31-a0-364-gb59cdcccf2 (webtiles) character file.

Game seed: 15969133167595935725

49002 Flugkiller the Brawler (level 14, -10/198 HPs)
             Began as a Naga Shapeshifter on July 27, 2023.
             Was an Elder of Wu Jian.
             Shot themself with an iceblast (23 damage)
             ... on level 5 of the Lair of Beasts.
             The game lasted 00:25:31 (21284 turns).

Flugkiller the Brawler (Naga Shapeshifter)         Turns: 21284, Time: 00:25:31

Health: -10/198    AC: 27    Str: 21    XL:     14   Next: 48%
Magic:  14/14      EV:  1    Int:  9    God:    Wu Jian [****..]
Gold:   934        SH:  6    Dex: 19    Spells: 13/13 levels left

rFire   . .          .
                       - Unarmed
rCold   . . .        I - +0 buckler
rNeg    . . .        n - melded +4 chain mail
rPois   +            (helmet currently unavailable)
rElec   .            (cloak currently unavailable)
rCorr   .            (gloves currently unavailable)
SInv    +            (no barding)
Will    +....        M - amulet of the acrobat
Stlth   ++           Q - +6 ring of dexterity
HPRegen 0.53/turn    (no ring)
MPRegen 0.14/turn

%: acrobat
@: exhausted, tree-form
A: stationary, stasis, torment immunity, boosted hp, AC +4, large, see
invisible, (deformed body), (poison resistance), (slowness 2), spit poison 1,
(naga tail 2)
a: Spit Poison, Renounce Religion, Wall Jump, Serpent's Lash


You were on level 5 of the Lair of Beasts.
You worshipped Wu Jian.
Wu Jian was greatly pleased with you.
You were a tree.
You visited 3 branches of the dungeon, and saw 17 of its levels.
You also visited: Ossuary.

You collected 1119 gold pieces.
You spent 185 gold pieces at shops.

Inventory:

Missiles
 E - a curare-tipped dart
 P - 3 throwing nets
Armour
 e - a +0 pair of gloves
   (You found it on level 1 of the Dungeon)
 n - a +4 chain mail (melded)
   (You took it off an orc on level 2 of the Dungeon)
 I - a +0 buckler (worn)
   (You took it off a gnoll sergeant on level 8 of the Dungeon)
 O - a +1 cloak
   (You found it on level 8 of the Dungeon)
Jewellery
 i - a ring of fire
   (You found it on level 2 of the Dungeon)
 D - a ring of wizardry
   (You found it on level 9 of the Dungeon)
 M - an amulet of the acrobat (around neck)
   (You found it on level 11 of the Dungeon)
 Q - a +6 ring of dexterity (left branch)
   (You found it on level 1 of the Lair of Beasts)
Talismans
 c - a beast talisman
 z - a maw talisman
   (You found it on level 6 of the Dungeon)
Wands
 f - a wand of digging (2)
   (You found it on level 5 of the Dungeon)
 o - a wand of polymorph (14)
   (You found it on level 4 of the Dungeon)
 r - a wand of charming (5)
   (You found it on level 4 of the Lair of Beasts)
 v - a wand of iceblast (6)
   (You found it on level 6 of the Dungeon)
 C - a wand of flame (24)
   (You found it on level 7 of the Dungeon)
 N - a wand of mindburst (11)
   (You took it off an orc on level 9 of the Dungeon)
 R - a wand of quicksilver (3)
   (You found it on level 2 of the Lair of Beasts)
Scrolls
 a - 2 scrolls of fear
 b - 2 scrolls of fog
 j - a scroll of amnesia
 l - a scroll of silence
 s - a scroll of acquirement
 t - 2 scrolls of teleportation
 u - a scroll of torment
 w - 2 scrolls of immolation
 x - a scroll of vulnerability
 y - a scroll of enchant armour
 B - a scroll of noise {unknown}
 J - a scroll of revelation {unknown}
 K - 3 scrolls of poison
 L - 2 scrolls of blinking {unknown}
 T - a scroll of summoning {unknown}
Potions
 d - 3 potions of might
 g - a potion of cancellation {unknown}
 h - 3 potions of haste
 k - a potion of ambrosia
 m - 2 potions of invisibility
 p - 3 potions of attraction
 q - 3 potions of curing
 A - a potion of magic
 F - a potion of lignification
 G - a potion of enlightenment {unknown}
 H - a potion of resistance {unknown}
 S - a potion of mutation {unknown}


   Skills:
 - Level 10.0 Fighting
 + Level 8.0 Armour
 - Level 6.0 Dodging
 - Level 2.0 Stealth
 - Level 4.0 Shields
 - Level 15.0 Unarmed Combat
 - Level 6.0 Evocations
 - Level 10.0 Shapeshifting


You had 13 spell levels left.
You didn't know any spells.
Your spell library contained the following spells:

 Spells                   Type           Power      Damage    Failure   Level
 Apportation              Tloc           0%         N/A       45%         1
 Necrotise                Necr           0%         1d4       45%         1
 Summon Small Mammal      Summ           0%         N/A       45%         1
 Mephitic Cloud           Conj/Pois/Air  0%         N/A       83%         3
 Swiftness                Air            0%         N/A       83%         3
 Leda's Liquefaction      Hex/Erth       0%         N/A       99%         4
 Summon Ice Beast         Ice/Summ       0%         N/A       99%         4
 Borgnjor's Vile Clutch   Necr/Erth      0%         N/A       100%        5
 Lee's Rapid Deconstruct  Erth           0%         3d4*      100%        5
 Summon Mana Viper        Hex/Summ       0%         N/A       100%        5
 Leda's Unmaking          Conj/Erth      0%         9d1       100%        6
 Monstrous Menagerie      Summ           0%         N/A       100%        7


Dungeon Overview and Level Annotations

Branches:
Dungeon (11/15) Zot: 24848  Temple (1/1) D:4 Zot: 5986    Lair (5/5) D:8 Zot: 21028
  Swamp (0/4) Lair:2        Snake (0/4) Lair:2        Slime (0/5) Lair:4
    Orc (0/2) D:10        Ossuary (visited)

Altars:
Ashenzari
Cheibriados
Dithmenos
Elyvilon
Fedhas
Gozag
Hepliaklqana
Kikubaaqudgha
Makhleb
Nemelex Xobeh
Okawaru
Qazlal
Ru
Sif Muna
Trog
Uskayaw
Vehumet
Wu Jian
Xom
Yredelemnul
Zin
The Shining One
Jiyva

Shops:
D:1 [   D:2 *   D:4 *?(   D:11 :

Portals:
Hell: Lair:5

Annotations:
D:8 exclusion: obsidian statue


Innate Abilities, Weirdness & Mutations

You are a tree.
Your roots penetrate the ground, keeping you stationary.
You cannot be teleported.
You are immune to unholy pain and torment.
Your maximum health is greatly increased.
Your equipment is partially melded.
((Your serpentine skin is tough. (AC +4)))
You have supernaturally acute eyesight. (SInv)
((Armour fits poorly on your strangely shaped body.))
((Your system is resistant to poisons. (rPois)))
((You cover ground very slowly.))
You can spit poison.
((You can use your snake-like lower body to constrict enemies.))


Message History

The death yak gores you but does no damage.
You hit the death yak.
The death yak is almost dead.
You constrict the death yak.
The death yak gores you but does no damage.
You pummel the death yak!!
You kill the death yak!
The Council accepts your kill.
Training target 10.0 for Fighting reached!
Your Fighting skill increases to level 10!
You need to enable at least one skill for training.
Aiming: Charm
Press: ? - help, Shift-Dir - straight line, f - death yak
Aim: a death yak (chance to affect: 6%)
Okay, then.
You are too injured to fight recklessly!
You punch the death yak! Your grab misses the death yak.
The death yak is moderately wounded.
You punch the death yak! You grab the death yak.
The death yak is heavily wounded.
You constrict the death yak. The death yak gores you.
A skyshark comes into view.
You pummel the death yak!!
The death yak is severely wounded.
You constrict the death yak. You block the death yak's attack.
Unknown command.
Your muscles tense, ready for explosive movement...
You release your grip on the death yak.
You lunge with incredible momentum at the skyshark, in a flurry of attacks.
You hit the skyshark. Your grab misses the skyshark.
The skyshark is lightly wounded.
You hit the skyshark but do no damage. You grab the skyshark.
The skyshark is lightly wounded.
You release your grip on the skyshark.
You spin and attack the skyshark repeatedly, with incredible momentum.
You punch the skyshark! You grab the skyshark.
The skyshark is moderately wounded.
You hit the skyshark.
The skyshark is moderately wounded.
Your supernatural speed expires.
You barely miss the skyshark.
The skyshark is moderately wounded.
You constrict the skyshark, but do no damage.
The skyshark bites you.
The skyshark tastes blood and grows stronger!
The skyshark tail-slaps you but does no damage.
The skyshark tail-slaps you.
You pummel the skyshark!!
The skyshark is heavily wounded.
You constrict the skyshark. The skyshark bites you.
The skyshark enters a blood-rage!
The skyshark tail-slaps you.
The skyshark tail-slaps you but does no damage.
Okay, then.
Really quaff the potion of lignification?
Your transformation has ended.
You turn into a tree.
Your +4 chain mail melds into your body.
Your roots penetrate the ground.
You lose your grip on the skyshark.
The skyshark bites you but does no damage.
The skyshark tail-slaps you but does no damage. x2
Unknown command.
You hit the skyshark.
The skyshark is heavily wounded.
You block the skyshark's attack. x2
The skyshark tail-slaps you but does no damage.
The death yak gores you.
You hit the skyshark but do no damage.
The skyshark is heavily wounded.
The skyshark bites you!
The skyshark tail-slaps you but does no damage.
The skyshark tail-slaps you.
The death yak gores you but does no damage.
The skyshark bites you. The skyshark tail-slaps you!
* * * LOW HITPOINT WARNING * * *
The skyshark tail-slaps you.
* * * LOW HITPOINT WARNING * * *
You hit the skyshark.
The skyshark is heavily wounded.
The skyshark bites you!
* * * LOW HITPOINT WARNING * * *
The skyshark tail-slaps you!
* * * LOW HITPOINT WARNING * * *
The skyshark tail-slaps you but does no damage.
The death yak gores you.
* * * LOW HITPOINT WARNING * * *
Okay, then.
As you read the scroll of torment, it crumbles to dust.
You feel a surge of unholy energy.
The death yak convulses!
The skyshark convulses!
The death yak convulses! x3; The yak convulses! x2
The skyshark bites you!
* * * LOW HITPOINT WARNING * * *
The skyshark tail-slaps you but does no damage. x2
The death yak gores you but does no damage.
The death yak gores you!
* * * LOW HITPOINT WARNING * * *
Aiming: Iceblast
Press: ? - help, Shift-Dir - straight line, f - you That beam is likely to hit you.
Continue anyway?
The mass of ice explodes!
The iceblast engulfs you!!
You die...

##.# #.##.########
...####.....##..#.#####
.....÷÷...............#
######........###.....#
##.....#######...##
#....####..###...# #
#....##......#...## #...
#P...##....#......# ....
#....###.l♣Y.+...## #.##
##.......#YY.#...# # .#
##...######.##..### ##
####.........#Y#.....#
.##P.#P................##
......................##
.......................#
......................##
............#.######...##


You could see 4 death yaks and a skyshark (berserk).

Vanquished Creatures
  Harold (Lair:1)
  A hydra (Lair:5)
  A boulder beetle (Lair:5)
  Erica (D:9)
  3 two-headed ogres
  9 death yaks
  2 skysharks (Lair:5)
  A wizard (D:8)
  Pikel (D:7)
  A manticore (D:11)
  23 elephants
  A salamander (Lair:2)
  4 black mambas
  An orange demon (Lair:5)
  9 cane toads
  A torpor snail (D:8)
  6 komodo dragons
  3 unseen horrors
  4 rime drakes
  2 polar bears
  3 trolls
  22 blink frogs
  3 wraiths
  2 wyverns
  43 yaks
  8 basilisks
  A human (D:10)
  A vampire mosquito (D:8)
  A steam dragon (D:8)
  2 wargs (D:9)
  2 acid dragons (D:11)
  Duvessa (D:7)
  16 water moccasins
  2 sky beasts (D:7)
  4 orc warriors
  An ice beast (D:7)
  2 black bears
  5 wolves (Lair:3)
  7 centaurs
  2 lemures (D:7)
  Blork the orc (D:6)
  2 kobold brigands
  18 bullfrogs
  2 gnoll sergeants
  4 water moccasin zombies (Ossuary)
  Dowan (D:7)
  9 wights
  A bullfrog zombie (D:4)
  3 lava snakes
  7 jellies
  5 hounds
  A wyvern simulacrum (D:8)
  9 orc priests
  A centaur zombie (D:4)
  2 gnoll boudas
  2 iguanas (D:5)
  12 orc wizards
  3 sleepcaps
  A scorpion zombie (D:4)
  A hell rat (D:8)
  2 mummies (Ossuary)
  A howler monkey zombie (D:4)
  11 adders
  21 gnolls
  A river rat (D:8)
  A white imp (D:7)
  6 adder zombies
  A worm (D:2)
  3 dart slugs
  65 orcs
  8 endoplasms
  5 giant cockroaches
  2 gnoll zombies (Ossuary)
  8 goblins
  9 hobgoblins
  2 jackals (D:1)
  8 quokkas
  7 ball pythons
  2 bats (D:2)
  3 frilled lizards
  9 hobgoblin zombies (Ossuary)
  10 kobolds
  5 kobold zombies (Ossuary)
  4 orc zombies (Ossuary)
  6 rats
488 creatures vanquished.

Notes
Turn   | Place    | Note
-------+----------+-------------------------------------------
     0 | D:1      | Flugkiller the Naga Shapeshifter began the quest for the
                  | Orb.
     0 | D:1      | Reached XP level 1. HP: 18/18 MP: 1/1
   128 | D:1      | Reached XP level 2. HP: 9/26 MP: 2/2
   193 | D:1      | Found Omegis's Armour Boutique.
   503 | D:1      | Found a faded altar of an unknown god.
   712 | D:1      | Reached XP level 3. HP: 33/33 MP: 3/3
  1436 | D:2      | Found Qonic's General Store.
  1440 | D:2      | Bought a scroll of teleportation for 33 gold pieces
  1573 | D:2      | Reached XP level 4. HP: 34/42 MP: 4/4
  1863 | D:2      | Reached skill level 4 in Unarmed Combat
  2394 | D:3      | Reached XP level 5. HP: 49/49 MP: 5/5
  2870 | D:4      | Found Jocs's Magic Scroll Emporium.
  2870 | D:4      | Found Bemus's Weapon Emporium.
  2898 | D:4      | Bought a scroll of fear for 56 gold pieces
  2914 | D:4      | Reached skill level 5 in Unarmed Combat
  2914 | D:4      | Reached skill level 1 in Stealth
  2922 | D:4      | Found a basalt altar of Yredelemnul.
  2945 | D:4      | Reached XP level 6. HP: 53/57 MP: 6/6
  2971 | D:4      | Noticed a black bear
  2980 | D:4      | Killed a black bear
  2981 | D:4      | Reached skill level 1 in Armour
  3389 | D:4      | Found Gouss's Assorted Antiques.
  3393 | D:4      | Bought a scroll labelled BODO LI NAI for 32 gold pieces
  3393 | D:4      | Bought a scroll labelled BODO LI NAI for 32 gold pieces
  3502 | D:4      | Reached XP level 7. HP: 50/64 MP: 7/7
  3720 | D:4      | Found a staircase to the Ecumenical Temple.
  3730 | Temple   | Entered the Ecumenical Temple
  3735 | Temple   | Became a worshipper of the Wu Jian Council
  3936 | D:5      | Entered Level 5 of the Dungeon
  4363 | D:5      | Noticed Sigmund
  4366 | D:5      | Sigmund changed into Sigmund the quokka
  4366 | D:5      | Noticed Sigmund
  4367 | D:5      | Killed Sigmund the quokka
  4567 | D:5      | Noticed a yak
  4567 | D:5      | Noticed a yak
  4569 | D:5      | Noticed a yak
  4570 | D:5      | Noticed a yak
  4573 | D:5      | Killed a yak
  4575 | D:5      | Killed a yak
  4576 | D:5      | Reached skill level 5 in Fighting
  4576 | D:5      | Reached XP level 8. HP: 59/74 MP: 8/8
  4576 | D:5      | Killed a yak
  4577 | D:5      | Reached skill level 6 in Unarmed Combat
  4581 | D:5      | Killed a yak
  4810 | D:4      | Bought a scroll labelled VOZYAPN HEOL for 32 gold pieces
  4868 | D:6      | Reached skill level 1 in Evocations
  5307 | D:6      | Noticed Blork the orc
  5311 | D:6      | Killed Blork the orc
  5452 | D:6      | Reached skill level 7 in Unarmed Combat
  5664 | D:7      | Noticed Duvessa
  5679 | D:7      | Killed Duvessa
  5680 | D:7      | Reached XP level 9. HP: 66/82 MP: 9/9
  5760 | D:7      | Noticed Dowan
  5777 | D:7      | Killed Dowan
  5946 | D:7      | Reached skill level 5 in Evocations
  6196 | D:7      | Reached * piety under Wu Jian
  6332 | D:7      | Reached skill level 8 in Unarmed Combat
  6578 | D:7      | Noticed Pikel
  6628 | D:7      | Killed Pikel
  6629 | D:7      | Reached skill level 5 in Shapeshifting
  6902 | D:8      | Reached XP level 10. HP: 74/91 MP: 10/10
  6929 | D:8      | Found a sand-covered staircase.
  7111 | Ossuary  | Entered an ossuary
  7178 | Ossuary  | Reached ** piety under Wu Jian
  7197 | Ossuary  | Reached skill level 9 in Unarmed Combat
  7409 | D:8      | Found a shadowy altar of Dithmenos.
  7471 | D:8      | Noticed a two-headed ogre
  7473 | D:8      | Killed a two-headed ogre
  7474 | D:8      | Reached skill level 10 in Unarmed Combat
  7530 | D:8      | Noticed a death yak
  7531 | D:8      | Found a staircase to the Lair.
  7531 | D:8      | Noticed a death yak
  7531 | D:8      | Noticed a death yak
  7780 | D:8      | Killed a death yak
  7786 | D:8      | Killed a death yak
  7789 | D:8      | Killed a death yak
  7830 | D:8      | Reached *** piety under Wu Jian
  8103 | D:8      | Reached XP level 11. HP: 82/88 MP: 11/11
  8148 | D:8      | Identified the staff of Fimbulwinter {*Corrode rPois rF+
                  | rN+ Fire}
  8148 | D:8      | Noticed a wizard
  8157 | D:8      | Killed a wizard
  8510 | D:8      | Got Sif Muna's Codex of Atmospheric Shades
  8767 | D:8      | Noticed an obsidian statue
  9066 | D:9      | Reached **** piety under Wu Jian
  9197 | D:9      | Reached skill level 1 in Shields
 10043 | D:10     | Entered Level 10 of the Dungeon
 10061 | D:10     | Noticed Erica
 10238 | D:9      | Killed Erica
 10239 | D:9      | Reached skill level 10 in Shapeshifting
 11084 | D:10     | Found a staircase to the Orcish Mines.
 11313 | D:10     | Found a blossoming altar of Fedhas.
 11361 | D:10     | Reached XP level 12. HP: 88/106 MP: 12/12
 11780 | D:11     | Reached skill level 11 in Unarmed Combat
 12104 | D:11     | Noticed a two-headed ogre
 12114 | D:11     | Killed a two-headed ogre
 12574 | D:11     | Found a hide-covered altar of Uskayaw.
 12676 | D:11     | Noticed a two-headed ogre
 12677 | D:11     | Found Onlez's Book Shoppe.
 12687 | D:11     | Killed a two-headed ogre
 13024 | Lair:1   | Entered Level 1 of the Lair of Beasts
 13025 | Lair:1   | Noticed a death yak
 13026 | Lair:1   | Noticed a death yak
 13038 | D:8      | Killed a death yak
 13408 | D:8      | Reached skill level 12 in Unarmed Combat
 13893 | Lair:1   | Reached skill level 5 in Armour
 14415 | Lair:1   | Noticed Harold
 14430 | Lair:1   | Killed Harold
 15309 | Lair:2   | Found a staircase to the Snake Pit.
 15437 | Lair:2   | Found a staircase to the Swamp.
 15620 | Lair:2   | Gained mutation: You can use your snake-like lower body to
                  | constrict enemies. [Naga growth]
 15620 | Lair:2   | Reached XP level 13. HP: 107/117 MP: 13/13
 16934 | Lair:4   | Found a staircase to the Slime Pits.
 16935 | Lair:4   | Found a viscous altar of Jiyva.
 16969 | Lair:4   | Reached skill level 5 in Dodging
 18633 | Lair:4   | Reached skill level 13 in Unarmed Combat
 18921 | Lair:5   | Entered Level 5 of the Lair of Beasts
 19341 | Lair:5   | Reached skill level 14 in Unarmed Combat
 19466 | Lair:5   | Reached XP level 14. HP: 106/126 MP: 14/14
 19946 | Lair:5   | Reached skill level 15 in Unarmed Combat
 21027 | Lair:5   | Found a burning altar of Makhleb.
 21027 | Lair:5   | Found a gateway to Hell.
 21274 | Lair:5   | Reached skill level 10 in Fighting
 21284 | Lair:5   | Shot themself with an iceblast

Illustrated notes

Levels and vault maps discovered:
D:1:      amcnicky_arrival_feature_with_door, layout_loops_ring, serial_shops,
          nicolae_square_shop, shapermc_ecumenical_altar_ellora
D:2:      layout_loops_corners, serial_shops, shop
D:3:      layout_basic
D:4:      layout_basic, nicolae_yredelemnul_corpse_copse,
          minmay_temple_entry_large_hall, serial_shops, shop, shop,
          nicolae_stop_n_shop_1
D:5:      layout_loops_cross, uniq_sigmund
D:6:      layout_basic, uniq_blork_the_orc
D:7:      layout_basic, minmay_strange_pillars, uniq_pikel, uniq_duvessa
D:8:      minmay_statue_hallways, layout_basic,
          mainiacjoe_overflow_six_doors_small, dpeg_lair_monsters, special_room
          [special_room_orc], chequers_ossuary_entry_cave,
          chequers_serial_rivers_micro_c, minivault_27, nicolae_doodle_vault
D:9:      layout_roguey
D:10:     layout_roguey, fedhas_bush_and_centaur_altar, erik_orc_4, uniq_erica
D:11:     layout_basic, serial_shops, shop, nicolae_uskayaw_suspiria
Temple:   hellmonk_temple_of_storms
Lair:1:   layout_cave_pods, chequers_serial_rivers_large_b, uniq_harold
Lair:2:   layout_gridlike, swamp_mist_pool, nicolae_snake_entry_warm_welcome,
          st_stairs_8, minivault_11
Lair:3:   layout_cave_pods, cheibrodos_lair_reptile_den
Lair:4:   layout_cave_pods, nicolae_slime_entry_slimehenge
Lair:5:   evil_forest, layout_regular_city, st_stairs_12

Skill      XL: |  1  2  3  4  5  6  7  8  9 10 11 12 13 14 |
---------------+-------------------------------------------+-----
Fighting       | 2 3 4 5 6 8 10 | 10.0
Unarmed Combat | 4 5 7 8 10 12 14 15 | 15.0
Stealth        | 2 |  2.0
Armour         | 2 4 7 8 |  8.0
Evocations     | 3 6 |  6.0
Shapeshifting  | 5 8 10 | 10.0
Shields        | 4 |  4.0
Dodging        | 2 6 |  6.0

Action                     |  1- 3 |  4- 6 |  7- 9 | 10-12 | 13-15 || total
---------------------------+-------+-------+-------+-------+-------++-------
  Melee: Unarmed           |    99 |   165 |   254 |   750 |   552 ||  1820
         Punch             |     4 |     4 |     8 |    15 |       ||    31
         Constrict         |       |       |       |       |    96 ||    96
 Invoke: Serpent's Lash    |       |       |       |     7 |    12 ||    19
Ability: Spit Poison       |     3 |     8 |    15 |     2 |       ||    28
         Lunge             |       |       |    16 |    45 |    24 ||    85
         Whirlwind         |       |       |       |    20 |    80 ||   100
  Evoke: Wand              |       |       |     1 |     1 |     9 ||    11
    Use: Potion            |       |     1 |     3 |     7 |     4 ||    15
         Scroll            |       |       |     6 |    11 |     5 ||    22
   Stab: Sleeping          |     2 |     1 |       |       |       ||     3
 Armour: Animal skin       |    10 |     3 |       |       |       ||    13
         Chain mail        |       |    75 |   135 |   236 |   227 ||   673
         Skin              |       |    15 |       |       |    10 ||    25
  Dodge: Dodged            |    53 |    54 |    60 |   170 |   162 ||   499
  Block: Buckler           |       |       |       |    96 |   118 ||   214

Table legend: (Time is in decaauts)
 A = Elapsed time spent in this place.
 B = Non-inter-level travel time spent in this place.
 C = Inter-level travel time spent in this place.
 D = Time resting spent in this place.
 E = Time spent auto-exploring this place.
 F = Levels seen in this place.
 G = Mean time per level.
                   A        B        C        D        E       F      G
               +--------+--------+--------+--------+--------+-----+--------+
         Total |  25257 |  24240 |   1017 |   8574 |  11683 |  18 | 1403.2 |
       Dungeon |  16061 |  15249 |    812 |   5013 |   7599 |  11 | 1460.1 |
        Temple |     14 |     14 |      0 |      0 |      0 |   1 |   14.0 |
          Lair |   8972 |   8767 |    205 |   3517 |   3990 |   5 | 1794.4 |
       Ossuary |    210 |    210 |      0 |     44 |     93 |   1 |  210.0 |
               +--------+--------+--------+--------+--------+-----+--------+

Top non-repeatable levels by time:
     D:8: 2941 daAuts
  Lair:4: 2790 daAuts
     D:9: 2103 daAuts
  Lair:1: 1977 daAuts
  Lair:3: 1740 daAuts
     D:2: 1707 daAuts
     D:7: 1443 daAuts
    D:11: 1414 daAuts
     D:5: 1375 daAuts
  Lair:5: 1366 daAuts
     D:4: 1360 daAuts
     D:1: 1209 daAuts
  Lair:2: 1096 daAuts
    D:10: 1048 daAuts
     D:3: 751 daAuts
